 Dungeon Crawl Stone Soup version 0.30-a0-634-g8abc85282e (webtiles) character file.

Game seed: 16438159018653342214

6054 timneilson the Protected (level 10, 0/61 HPs)
             Began as a Gargoyle Fighter on Jan 15, 2023.
             Was a Believer of Qazlal.
             Slain by an orange demon (4 damage)
             ... on level 2 of the Abyss.
             The game lasted 00:15:11 (7008 turns).

timneilson the Protected (Gargoyle Fighter)         Turns: 7008, Time: 00:15:12

Health: 0/61       AC: 37    Str: 24    XL:     10   Next: 87%
Magic:  13/13      EV: 14    Int:  9    God:    Qazlal [**....]
Gold:   352        SH:  8    Dex:  9    Spells: 9/9 levels left

rFire   . . .      SeeInvis .    b - +4 long sword (freeze)
rCold   . . .      Faith    .    c - +0 buckler
rNeg    + . .      Spirit   .    n - +18 Lear's hauberk
rPois   ∞          Reflect  .    (helmet currently unavailable)
rElec   +          Harm     .    w - +0 cloak
rCorr   .          Rampage  .    (gloves currently unavailable)
Will    .....                    (boots currently unavailable) Stlth
                                 (no amulet)
HPRegen 0.30/turn                k - +5 ring of evasion
MPRegen 0.13/turn                (no ring)

@: no status effects
A: sickness immunity, AC +7, negative energy resistance 1, electricity
resistance, torment resistance 1, petrification resistance
a: Renounce Religion, Upheaval


You were on level 2 of the Abyss.
You worshipped Qazlal.
Qazlal was pleased with you.
You visited 1 branch of the dungeon, and saw 9 of its levels.
You visited the Abyss 2 times.
You also visited: Ossuary.

You collected 352 gold pieces.

Inventory:

Hand Weapons
 a - a +1 long sword of protection
 b - a +4 long sword of freezing (weapon)
Missiles
 m - a throwing net (quivered)
Armour
 c - a +0 buckler (worn)
 n - the +18 Lear's hauberk (worn)
   (You found it on level 5 of the Dungeon)
 w - a +0 cloak (worn)
 z - a +0 pair of boots
Jewellery
 k - a +5 ring of evasion (left hand)
Wands
 d - a wand of light (16)
 v - a wand of charming (13)
 B - a wand of flame (20)
Scrolls
 e - 3 scrolls of fog
 i - 8 scrolls of teleportation
 o - 2 scrolls of amnesia
 y - 2 scrolls of fear
Potions
 f - 2 potions of curing
 g - 2 potions of degeneration
 h - 6 potions of flight
 j - 3 potions of mutation
 l - 2 potions of brilliance
 p - a potion of attraction
 q - a potion of invisibility
 r - a potion of might
 s - 3 potions of lignification
 t - 3 potions of cancellation
 u - a potion of resistance {unknown}


   Skills:
 + Level 6.5 Fighting
 * Level 6.9 Long Blades
 * Level 8.7 Armour
 + Level 4.0 Dodging
 * Level 8.6 Shields
 + Level 4.9 Invocations
 + Level 4.2 Evocations


You had 9 spell levels left.
You didn't know any spells.
Your spell library contained the following spells:

 Spells                   Type           Power      Damage    Failure   Level
 Foxfire                  Conj/Fire      0%         2x1d4     96%         1
 Blink                    Tloc           0%         N/A       99%         2
 Gell's Gravitas          Tloc           0%         N/A       100%        3
 Ignite Poison            Fire/Tmut/Pois 0%         N/A       100%        3
 Inner Flame              Hex/Fire       0%         N/A       100%        3
 Kindle Blastsparks       Fire/Tloc/Air  0%         2d10      100%        3
 Ozocubu's Armour         Ice            0%         N/A       100%        3
 Teleport Other           Tloc           0%         N/A       100%        3
 Flame Wave               Conj/Fire      0%         2d4       100%        4
 Manifold Assault         Tloc           0%         N/A       100%        4
 Sticky Flame             Conj/Fire      0%         2d3       100%        4
 Fireball                 Conj/Fire      0%         3d3       100%        5
 Freezing Cloud           Conj/Ice/Air   0%         6-21      100%        5
 Metabolic Englaciation   Hex/Ice        0%         N/A       100%        5
 Summon Forest            Summ/Tloc      0%         N/A       100%        5
 Dispersal                Tloc           0%         N/A       100%        6
 Eringya's Noxious Bog    Tmut/Pois      0%         N/A       100%        6
 Simulacrum               Ice/Necr       0%         N/A       100%        6
 Starburst                Conj/Fire      0%         6d3       100%        6
 Storm Form               Tmut/Air       0%         N/A       100%        7
 Summon Hydra             Summ           0%         N/A       100%        7
 Ignition                 Fire           0%         3d3       100%        8


Dungeon Overview and Level Annotations

Branches:
Dungeon (9/15)             Temple (0/1) D:4         Ossuary (visited)
   Lair: D:8-11         Orc: D:9-12

Altars:
Ashenzari
Cheibriados
Elyvilon
Fedhas
Makhleb
Okawaru
Qazlal
Sif Muna
Vehumet
Wu Jian
Xom

Annotations:
D:9 Erolcha


Innate Abilities, Weirdness & Mutations

You are immune to sickness and miasma.
Your stone body is resilient. (AC +7)
You are immune to poison.
You resist negative energy. (rN+)
You are resistant to electric shocks. (rElec)
You are resistant to unholy torment.
You are immune to petrification.


Message History

The starspawn tentacle loses its grip on you.
The tentacled starspawn is moderately damaged.
The tentacled starspawn is struck by lightning.
The tentacled starspawn bites you but does no damage.
The tentacled starspawn tentacle-slaps you but does no damage.
The starspawn tentacle grabs you. The starspawn tentacle constricts you.
* * * LOW HITPOINT WARNING * * *
The orange demon barely misses you.
You hit the tentacled starspawn. You freeze the tentacled starspawn.
The starspawn tentacle loses its grip on you.
The tentacled starspawn is severely damaged.
The tentacled starspawn bites you but does no damage.
The tentacled starspawn tentacle-slaps you but does no damage.
The starspawn tentacle is struck by lightning.
The starspawn tentacle grabs you. The starspawn tentacle constricts you.
The orange demon stings you from afar.
* * * LOW HITPOINT WARNING * * *
You hit the tentacled starspawn. You freeze the tentacled starspawn.
The starspawn tentacle loses its grip on you.
The tentacled starspawn is severely damaged.
The tentacled starspawn is struck by lightning.
The tentacled starspawn bites you!
* * * LOW HITPOINT WARNING * * *
The tentacled starspawn closely misses you.
You block the starspawn tentacle's attack.
The starspawn tentacle grabs you. The starspawn tentacle constricts you.
You block the orange demon's attack.
You slash the tentacled starspawn! You freeze the tentacled starspawn.
You destroy the tentacled starspawn!
Qazlal accepts your kill.
The starspawn tentacle loses its grip on you.
The starspawn's tentacles wither and die.
You block the orange demon's attack.
Your Dodging skill increases to level 4!
Your Evocations skill increases to level 4!
Unknown command.
You hit the large abomination but do no damage.
The large abomination is heavily damaged.
The orange demon stings you from afar.
You die...

.. ## #.. ...
.. .##..# .#
.. .#...
.#.#. ...#
...#. ##4.#
#..##..#####.
#.#.@X#......
#..#...# ##
...#.....
#.#.... #.#..
#.#.#......#
#.##..#### ..
..#.# .#
.###.. .## .
. .


You could see an orange demon and a large abomination.

Vanquished Creatures
  A tentacled starspawn (Abyss:2)
  A two-headed ogre (D:9)
  Amaemon (D:8)
  An orange demon (D:8)
  Maggie (D:6)
  A troll (D:9)
  A steam dragon (D:9)
  Menkaure (D:6)
  2 small abominations (Abyss:2)
  2 black bears
  An orc warrior (D:9)
  2 ice beasts
  2 centaurs
  A kobold brigand (D:9)
  A bullfrog (D:7)
  4 elf zombies (Ossuary)
  A scorpion (D:6)
  4 wights (D:9)
  9 killer bees
  3 howler monkeys (D:9)
  6 centaur zombies (Ossuary)
  Crazy Yiuf (D:7)
  2 human zombies (Ossuary)
  An iron imp (D:3)
  An orc priest (D:8)
  A hound (D:4)
  2 jellies
  4 orc wizards
  2 iguanas
  Terence (D:3)
  3 mummies (Ossuary)
  7 gnolls
  6 adders
  4 white imps
  A worm (D:3)
  A dart slug (D:5)
  11 orcs
  7 bats
  7 endoplasms
  5 giant cockroaches
  7 goblins
  9 hobgoblins
  2 quokkas
  12 ball pythons
  4 frilled lizards
  7 kobolds
  5 rats
159 creatures vanquished.

Vanquished Creatures (others)
  A plant (D:4)
  3 starspawn tentacles (Abyss:2)
4 creatures vanquished.

Grand Total: 163 creatures vanquished

Notes
Turn   | Place    | Note
-------+----------+-------------------------------------------
     0 | D:1      | timneilson the Gargoyle Fighter began the quest for the
                  | Orb.
     0 | D:1      | Reached XP level 1. HP: 14/14 MP: 1/1
   143 | D:1      | Reached XP level 2. HP: 19/19 MP: 2/2
   328 | D:1      | Reached XP level 3. HP: 23/23 MP: 3/3
   947 | D:2      | Reached XP level 4. HP: 28/28 MP: 4/4
  1272 | D:3      | Found a radiant altar of Vehumet.
  1286 | D:3      | Found a snail-covered altar of Cheibriados.
  1306 | D:3      | Reached skill level 1 in Dodging
  1306 | D:3      | Reached XP level 5. HP: 33/33 MP: 5/5
  1476 | D:3      | Noticed Terence
  1494 | D:3      | Killed Terence
  1614 | D:3      | Found an ornate altar of the Wu Jian Council.
  1614 | D:3      | Found a shimmering blue altar of Sif Muna.
  1632 | D:3      | Found a white marble altar of Elyvilon.
  1632 | D:3      | Found a shimmering altar of Xom.
  1633 | D:3      | Found a stormy altar of Qazlal.
  1635 | D:3      | Found a blossoming altar of Fedhas.
  1644 | D:3      | Became a worshipper of Qazlal Stormbringer
  2078 | D:4      | Found a staircase to the Ecumenical Temple.
  2246 | D:4      | Reached XP level 6. HP: 38/38 MP: 6/6
  2433 | D:4      | Found a sand-covered staircase.
  2438 | Ossuary  | Entered an ossuary
  2531 | Ossuary  | Reached skill level 1 in Evocations
  2553 | Ossuary  | Reached skill level 5 in Armour
  2553 | Ossuary  | Reached XP level 7. HP: 28/43 MP: 7/7
  2572 | Ossuary  | Reached skill level 1 in Invocations
  2656 | Ossuary  | Reached skill level 5 in Shields
  2860 | Ossuary  | Reached * piety under Qazlal
  3135 | D:4      | Found a burning altar of Makhleb.
  3135 | D:4      | Noticed a blizzard demon
  3200 | D:5      | Entered Level 5 of the Dungeon
  3209 | D:5      | Reached XP level 8. HP: 48/48 MP: 9/9
  3217 | D:5      | Found the +18 Lear's hauberk
  3805 | D:6      | Noticed Maggie
  3829 | D:6      | Killed Maggie
  3844 | D:6      | HP: 2/48 [ice beast (8)]
  3991 | D:6      | Found an iron altar of Okawaru.
  4001 | D:6      | Noticed Menkaure
  4014 | D:6      | Killed Menkaure
  4015 | D:6      | Reached skill level 5 in Fighting
  4312 | D:6      | Found a broken altar of Ashenzari.
  4571 | D:6      | Reached skill level 5 in Long Blades
  4620 | D:7      | Reached XP level 9. HP: 43/54 MP: 11/11
  4993 | D:7      | Found a runed translucent door.
  4994 | D:7      | Noticed Crazy Yiuf
  5008 | D:7      | Killed Crazy Yiuf
  5335 | D:8      | Noticed Amaemon
  5337 | D:8      | Noticed an orange demon
  5366 | D:8      | Killed Amaemon
  5378 | D:8      | Killed an orange demon
  5378 | D:8      | Reached ** piety under Qazlal
  5503 | D:8      | Identified the +2 robe of the Lich-sworn {Harm rC+ Regen+
                  | Dex-3}
  6086 | D:9      | Reached XP level 10. HP: 48/60 MP: 12/12
  6656 | D:9      | Noticed a two-headed ogre
  6667 | D:9      | Killed a two-headed ogre
  6826 | D:9      | Noticed Erolcha
  6853 | Abyss:1  | Cast into level 1 of the Abyss (Erolcha)
  6866 | D:9      | Escaped the Abyss
  6880 | Abyss:1  | Cast into level 1 of the Abyss (Erolcha)
  6883 | Abyss:1  | Found an ornate altar of the Wu Jian Council.
  6992 | Abyss:2  | Noticed a tentacled starspawn
  6999 | Abyss:2  | Noticed an orange demon
  7007 | Abyss:2  | Killed a tentacled starspawn
  7008 | Abyss:2  | Slain by an orange demon

Illustrated notes

Levels and vault maps discovered:
D:1:      onia_arrival_handbag, layout_basic, minmay_misc_feat_chi
D:2:      layout_rooms
D:3:      layout_loops_cross, slow_altar_2, minitemple,
          mainiacjoe_overflow_alcove_1, uniq_terence
D:4:      layout_loops_ring, makhleb_altar_promises_db,
          minmay_temple_entry_gardened_gates, enter_ossuary_5
D:5:      layout_basic
D:6:      layout_gridville, lemuel_crystal_altar, overflow_temple_1_default,
          uniq_menkaure, uniq_maggie
D:7:      layout_rooms, minivault_27, uniq_crazy_yiuf_cottage
D:8:      layout_loops_ring, minmay_misc_feat_rows, uniq_amaemon
D:9:      layout_irregular_city, minmay_misc_feat_columns, st_stairs_10,
          ebering_dispersal_statue_hall, uniq_erolcha
Abyss:2:  base: Temple, evilmike_abyss_exit_7

Skill      XL: |  1  2  3  4  5  6  7  8  9 10 |
---------------+-------------------------------+-----
Long Blades    | 2 3 4 5 6 |  6.9
Armour         | 4 5 6 7 8 |  8.7
Dodging        | 1 2 3 4 |  4.0
Shields        | 4 5 6 7 8 |  8.6
Fighting       | 4 5 6 |  6.5
Evocations     | 1 2 3 4 |  4.2
Invocations    | 1 2 3 4 |  4.9

Action                   |  1- 3 |  4- 6 |  7- 9 | 10-12 || total
-------------------------+-------+-------+-------+-------++-------
Melee: Long sword        |   156 |   277 |   513 |   182 ||  1128
  Use: Scroll            |     4 |     3 |    14 |     1 ||    22
       Potion            |       |     7 |     5 |       ||    12
Armor: Scale mail        |    97 |    91 |    98 |       ||   286
       Chain mail        |       |       |   324 |   129 ||   453
Dodge: Dodged            |   124 |   194 |   436 |   180 ||   934
Block: Buckler           |    50 |    70 |   234 |   128 ||   482

Table legend: (Time is in decaauts)
 A = Elapsed time spent in this place.
 B = Non-inter-level travel time spent in this place.
 C = Inter-level travel time spent in this place.
 D = Time resting spent in this place.
 E = Time spent auto-exploring this place.
 F = Levels seen in this place.
 G = Mean time per level.
                   A        B        C        D        E       F      G
               +--------+--------+--------+--------+--------+-----+--------+
         Total |   7263 |   7109 |    154 |    143 |   4488 |  13 |  558.7 |
       Dungeon |   6555 |   6401 |    154 |     39 |   4443 |   9 |  728.3 |
         Abyss |    144 |    144 |      0 |      0 |      0 |   3 |   48.0 |
       Ossuary |    563 |    563 |      0 |    104 |     45 |   1 |  563.0 |
               +--------+--------+--------+--------+--------+-----+--------+

Top non-repeatable levels by time:
     D:8: 953 daAuts
     D:3: 876 daAuts
     D:6: 848 daAuts
     D:9: 819 daAuts
     D:1: 759 daAuts
     D:4: 724 daAuts
     D:5: 588 daAuts
 Ossuary: 563 daAuts
     D:7: 536 daAuts
     D:2: 446 daAuts
 Abyss:2: 100 daAuts
 Abyss:1: 43 daAuts
